 Dungeon Crawl Stone Soup version 0.24-a0-616-ge2a249a6fd (webtiles) character file.

Game seed: 15029502890564723739, levelgen mode: deterministic

326 Grimm the Chopper (level 6, -13/55 HPs)
             Began as a Hill Orc Fighter on Sept 14, 2019.
             Was an Initiate of Trog.
             Mangled by Menkaure (16 damage)
             ... on level 4 of the Dungeon.
             The game lasted 00:10:59 (4363 turns).

Grimm the Chopper (Hill Orc Fighter)                Turns: 4363, Time: 00:11:00

Health: -13/55     AC: 11    Str: 21    XL:     6   Next: 49%
Magic:  6/6        EV:  7    Int:  8    God:    Trog [......]
Gold:   173        SH:  9    Dex: 10    Spells: 5/5 levels left

rFire    . . .     SeeInvis +   a - +1 war axe
rCold    . . .     Gourm    .   c - +0 shield
rNeg     . . .     Faith    +   e - +0 scale mail
rPois    .         Spirit   .   (no helmet)
rElec    .         Reflect  .   m - +1 cloak
rCorr    .         Harm     .   n - +1 pair of gloves
MR       .....                  (no boots)
Stlth    ..........             A - amulet of faith
HPRegen  0.18/turn              r - ring of see invisible
MPRegen  0.10/turn              (no ring)

@: no status effects
A: no striking features
a: Renounce Religion


You were on level 4 of the Dungeon.
You worshipped Trog.
Trog was noncommittal.
You were hungry.

You visited 2 branches of the dungeon, and saw 5 of its levels.

You collected 173 gold pieces.

Inventory:

Hand Weapons
 a - a +1 war axe (weapon)
 b - a +0 hunting sling
Missiles
 i - 238 stones (quivered)
 l - 34 sling bullets
Armour
 c - a +0 shield (worn)
 e - a +0 scale mail (worn)
 m - a +1 cloak (worn)
 n - a +1 pair of gloves (worn)
Jewellery
 r - a ring of see invisible (left hand)
 A - an amulet of faith (around neck)
Wands
 v - a wand of clouds (5)
Scrolls
 j - a scroll of teleportation
 p - 3 scrolls of enchant weapon
 t - a scroll of identify
Potions
 d - 2 potions of might
 g - 2 potions of lignification {unknown}
 h - a potion of heal wounds {unknown}
 k - 6 potions of curing {unknown}
 o - 2 potions of agility {unknown}
 q - 4 potions of flight {unknown}
 u - a potion of brilliance {unknown}
 w - a potion of invisibility {unknown}
Comestibles
 f - 13 rations


   Skills:
 + Level 4.8 Fighting
 + Level 6.2 Axes
 + Level 0.1 Throwing
 - Level 4.4 Armour
 + Level 4.4 Shields


You had 5 spell levels left.
You didn't know any spells.
Your spell library was empty.

Dungeon Overview and Level Annotations

Branches:
Dungeon (4/15)             Temple (1/1) D:4

Altars:
Ashenzari
Cheibriados
Elyvilon
Fedhas
Kikubaaqudgha
Nemelex Xobeh
Sif Muna
Trog
Vehumet
Wu Jian
Xom
Yredelemnul

Annotations:
D:4 Menkaure


Message History

Menkaure is lightly damaged.
You closely miss the iguana.
Menkaure gestures at you while chanting.
Pain shoots through your body!
The iguana bites you but does no damage.
Menkaure hits you!!
* * * LOW HITPOINT WARNING * * *
The iguana closely misses you.
You hit Menkaure but do no damage.
Menkaure is lightly damaged.
You barely miss the iguana. Menkaure hits you!
* * * LOW HITPOINT WARNING * * *
You block the iguana's attack.
Unknown command.
You barely miss Menkaure.
Menkaure is lightly damaged.
You closely miss the iguana. Menkaure hits you.
* * * LOW HITPOINT WARNING * * *
You block the iguana's attack. Menkaure hits you!
You die...

####......#...........≈≈≈≈≈
#.#..###.............≈≈≈
####.##.................
#..#..........#......
##..##.....######....
##..###..## ..... #####.##
### ..... #...#..## ....#
#....@..# ...# #....lM..#
... ##........... (.
#.......#... #......#####
#####..# .## .#


You could see Menkaure and an iguana.

Vanquished Creatures
  A phantom (D:4)
  A centaur skeleton (D:4)
  A worker ant (D:4)
  Terence (D:3)
  A hound skeleton (D:4)
  5 gnolls
  5 adders
  4 worms
  A leopard gecko (D:2)
  An orc (D:4)
  3 ball pythons
  3 bats
  3 giant cockroaches
  5 goblins
  3 hobgoblins
  11 kobolds
  2 quokkas (D:3)
  5 frilled lizards
  5 rats
61 creatures vanquished.

Notes
Turn   | Place    | Note
-------+----------+-------------------------------------------
     0 | D:1      | Grimm the Hill Orc Fighter began the quest for the Orb.
     0 | D:1      | Reached XP level 1. HP: 19/19 MP: 1/1
    62 | D:1      | Reached skill level 3 in Axes
   451 | D:1      | Reached XP level 2. HP: 26/26 MP: 2/2
   558 | D:1      | Reached skill level 4 in Axes
   741 | D:1      | Reached XP level 3. HP: 31/31 MP: 3/3
   997 | D:2      | Reached skill level 5 in Axes
  1400 | D:2      | Reached XP level 4. HP: 40/40 MP: 4/4
  2143 | D:3      | Noticed Terence
  2160 | D:3      | Killed Terence
  2160 | D:3      | Reached XP level 5. HP: 13/46 MP: 5/5
  2895 | D:4      | Noticed a phantom
  2931 | D:4      | Killed a phantom
  3092 | D:4      | Reached XP level 6. HP: 47/53 MP: 6/6
  3174 | D:4      | Reached skill level 6 in Axes
  3264 | D:4      | Found a staircase to the Ecumenical Temple.
  3277 | Temple   | Entered the Ecumenical Temple
  3749 | Temple   | Became a worshipper of Trog the Wrathful
  4355 | D:4      | Noticed Menkaure
  4363 | D:4      | Mangled by Menkaure

Levels and vault maps discovered:
D:1:      dpeg_arrival_arbitrary_c, layout_loops_ring
D:2:      layout_basic
D:3:      layout_loops_ring, uniq_terence
D:4:      layout_cave_pods, temple_pool_b, uniq_sigmund, uniq_menkaure
Temple:   minmay_temple_forest_path

Skill      XL: |  1  2  3  4  5  6 |
---------------+-------------------+-----
Axes           | 3 4 5 6 |  6.2
Fighting       | 4 |  4.8
Armour         | 4 |  4.4
Shields        | 4 |  4.4
Throwing       | |  0.1

Action                   |  1- 3 |  4- 6 || total
-------------------------+-------+-------++-------
Melee: War axe           |    68 |   111 ||   179
 Fire: Hunting sling     |     5 |    41 ||    46
Throw: Stone             |     2 |       ||     2
  Use: Scroll            |     1 |     8 ||     9
  Eat: Chunk             |     2 |     8 ||    10
Armor: Scale mail        |    21 |    36 ||    57
Dodge: Dodged            |    18 |    31 ||    49
Block: Shield            |    33 |    46 ||    79

Table legend:
 A = Non-vault XP
 B = Vault XP
 C = Vault XP percentage of total XP
 D = Non-vault monster count
 E = Vault monster count
 F = Vault count percentage of total count
                 A         B        C        D         E       F
            +---------+---------+-------+---------+---------+-------
      Total |     435 |      32 |   6.9 |      60 |       1 |   1.6
            +---------+---------+-------+---------+---------+-------
        D:1 |      36 |       0 |   0.0 |      14 |       0 |   0.0
        D:2 |      68 |       0 |   0.0 |      15 |       0 |   0.0
        D:3 |      41 |      32 |  43.8 |      19 |       1 |   5.0
        D:4 |     290 |       0 |   0.0 |      12 |       0 |   0.0
            +---------+---------+-------+---------+---------+-------
